[Event "Titled Tuesday Blitz June 20 Late 2023"]
[White "Szente Varga, Fruzsina"]
[Black "Timmermans, Mark"]
[WhiteFideId "712264"]
[BlackFideId "1026399"]
[WhiteElo "1994"]
[BlackElo "2460"]
[Result "0-1"]
[Round "2"]
[TimeControl "180+2"]
[Date "2023.06.20"]
[WhiteClock "0:00:00"]
[BlackClock "0:00:04"]
[Board "116"]

1. e4 e5 2. Nf3 Nc6 3. Bb5 f5 4. d3 fxe4 5. dxe4 Nf6 6. O-O d6 7. Nc3 Be7 8. Bc4 Na5 9. Qe2 Nxc4 10. Qxc4 Qd7 11. Ng5 Rf8 12. Be3 h6 13. Nf3 Qc6 14. Qd3 Be6 15. a4 Bc4 16. Qd2 Bxf1 17. Rxf1 Nxe4 18. Nxe4 Qxe4 19. Qa5 Kd7 20. c3 b6 21. Qb5+ c6 22. Qb3 Qg4 23. Kh1 Rxf3 24. gxf3 Qxf3+ 25. Kg1 Rf8 26. a5 Rf6 27. Rd1 Qe2 28. h3 Rg6+ 29. Kh2 Qf3 30. Rg1 Rxg1 31. Kxg1 Qxh3 32. axb6 axb6 33. Qxb6 Qg4+ 34. Kf1 Qd1+ 35. Kg2 Qd5+ 36. Kg1 c5 37. Qa7+ Ke6 38. b4 h5 39. bxc5 dxc5 40. Qa6+ Kf7 41. Qc8 Qd1+ 42. Kh2 Qf3 43. Qd7 c4 44. Qb5 Qf6 45. Qxc4+ Kg6 46. Qe4+ Qf5 47. Qc6+ Bf6 48. c4 h4 49. c5 e4 50. Kg1 Qg4+ 51. Kf1 h3 52. Qd6 Qf3 53. Bf4 Kf5 54. Bh2 Qh1+ 55. Ke2 Qf3+ 56. Ke1 Qc3+ 57. Ke2 Qc2+ 58. Kf1 Qc3 59. Qd5+ Be5 60. Qd6 Bxd6 61. Bxd6 Qd3+ 0-1


[Site "https://www.chess.com"]

[Event "Titled Tuesday Blitz June 20 Late 2023"]
[White "Sadilek, Peter"]
[Black "Haydon, David L"]
[WhiteFideId "1616439"]
[BlackFideId "415405"]
[WhiteElo "2227"]
[BlackElo "2326"]
[Result "0-1"]
[Round "2"]
[TimeControl "180+2"]
[Date "2023.06.20"]
[WhiteClock "0:00:00"]
[BlackClock "0:00:14"]
[Board "117"]

1. Nf3 c6 2. c4 d5 3. d4 Nf6 4. Nc3 e6 5. g3 Bd6 6. Bg2 Qe7 7. Nd2 Nbd7 8. O-O O-O 9. e4 dxe4 10. Ndxe4 Nxe4 11. Nxe4 Bc7 12. Re1 h6 13. Qb3 Rd8 14. Bd2 a5 15. Nc3 Qf6 16. Rad1 Nb6 17. Be3 a4 18. Qb4 Nd7 19. Ne4 Qg6 20. Qe7 Rf8 21. Nc5 Bd8 22. Qd6 Nxc5 23. dxc5 Ba5 24. Rf1 Qc2 25. Qd4 e5 26. Qxe5 Qxc4 27. a3 f6 28. Qe7 Qf7 29. Qxf7+ Kxf7 30. Rd4 Bc7 31. Bf4 Bxf4 32. Rxf4 Be6 33. Rb4 Ra7 34. Rd1 Re8 35. f4 Bb3 36. Rd7+ Re7 37. Rxe7+ Kxe7 38. Kf2 Kd7 39. Ke3 Kc7 40. Kd4 Ra8 41. Kc3 Ra5 42. Kd4 Ra8 43. Kc3 f5 44. Bh3 g6 45. g4 Re8 46. Kd2 fxg4 47. Bxg4 h5 48. Bf3 Rf8 49. Ke3 Rf6 50. Be4 Re6 51. Kd4 Rf6 52. Ke5 Re6+ 53. Kd4 h4 54. f5 gxf5 55. Bxf5 Rf6 56. Ke5 Rh6 57. Rg4 Rh5 58. Rg7+ Kb8 59. Kf6 Rh6+ 60. Bg6 Rh8 61. Bf7 Rd8 62. Bxb3 axb3 63. Rg4 Rd2 64. Rxh4 Rxb2 65. Ke5 Re2+ 66. Kd6 b2 67. Rb4 Rxh2 68. a4 Ka7 69. Kc7 Rh7+ 70. Kc8 Rh8+ 71. Kc7 Rh7+ 72. Kc8 Ka6 73. Rxb2 Ka5 74. Rxb7 Rh5 75. Kc7 Rxc5 76. Kd6 Rc1 77. Rc7 Kb6 78. Rc8 Rd1+ 79. Ke5 c5 80. a5+ Kb5 81. a6 Re1+ 82. Kd6 Rd1+ 83. Ke5 Ra1 84. Rb8+ Kc6 85. Rc8+ Kb6 86. Rb8+ Kc7 87. Rb7+ Kc6 88. Re7 Rxa6 89. Ke4 Kb5 90. Kd3 Ra3+ 91. Kc2 Kb4 92. Rb7+ Kc4 93. Rg7 Rc3+ 94. Kd2 Rf3 95. Rg4+ Kb3 96. Kc1 c4 97. Rg6 Rf1+ 98. Kd2 c3+ 99. Ke2 Rf7 100. Rb6+ Kc2 101. Rc6 Re7+ 102. Kf1 Kd2 103. Rd6+ Ke3 104. Rc6 Kd2 105. Rd6+ Kc2 106. Rc6 Rd7 107. Ke2 Rd5 108. Ke3 Rd7 109. Ke2 Kb2 110. Rb6+ Kc1 111. Rc6 c2 112. Ke1 Re7+ 113. Kf2 Re4 114. Kf3 Re5 115. Kf4 Rd5 116. Ke4 Rd7 117. Ke3 Kd1 0-1


[Site "https://www.chess.com"]

[Event "Titled Tuesday Blitz June 20 Late 2023"]
[White "Lopez Del Alamo, Antonio"]
[Black "Adewumi, Tanitoluwa"]
[WhiteFideId "2227339"]
[BlackFideId "30966396"]
[WhiteElo "2175"]
[BlackElo "2676"]
[Result "0-1"]
[Round "2"]
[TimeControl "180+2"]
[Date "2023.06.20"]
[WhiteClock "0:01:08"]
[BlackClock "0:00:40"]
[Board "118"]

1. e4 c5 2. Nf3 e6 3. d3 Nc6 4. g3 d5 5. Nbd2 Nf6 6. Bg2 Be7 7. O-O Qc7 8. Re1 a6 9. c3 b5 10. Qe2 h6 11. h4 Bb7 12. a4 b4 13. e5 Nd7 14. d4 a5 15. dxc5 Ba6 16. c4 Nxc5 17. b3 O-O 18. Bb2 Rad8 19. Rac1 dxc4 20. Rxc4 Bxc4 21. Qxc4 Nd3 22. Bd4 Nxe1 23. Qxc6 Qxc6 0-1


[Site "https://www.chess.com"]

[Event "Titled Tuesday Blitz June 20 Late 2023"]
[White "Goryachkina, Aleksandra"]
[Black "Arias Igual, Alejandro"]
[WhiteFideId "4147103"]
[BlackFideId "2254905"]
[WhiteElo "2471"]
[BlackElo "2179"]
[Result "1-0"]
[Round "2"]
[TimeControl "180+2"]
[Date "2023.06.20"]
[WhiteClock "0:00:46"]
[BlackClock "0:00:00"]
[Board "119"]

1. e4 c5 2. Nf3 g6 3. g3 Bg7 4. Bg2 Nc6 5. O-O e6 6. c3 Nge7 7. d4 cxd4 8. cxd4 d5 9. e5 O-O 10. Nc3 Rb8 11. Bf4 b5 12. Qd2 Nf5 13. Rfd1 a5 14. h4 f6 15. exf6 Bxf6 16. Bxb8 Nxb8 17. Nxb5 Bd7 18. Nc3 Nc6 19. Ne2 Nd6 20. Rac1 Qb6 21. b3 Bg7 22. Qe3 Ne7 23. Qc3 Rc8 24. Qb2 Rf8 25. Qa3 Nef5 26. Qc5 Qb8 27. Qc7 Qe8 28. Qxa5 Ne4 29. Qc7 Bb5 30. Nf4 Nfxg3 31. fxg3 Nxg3 32. Re1 Rxf4 33. Qxf4 Ne2+ 34. Rxe2 Bxe2 35. Re1 Bd3 36. Bh3 Be4 37. Rxe4 dxe4 38. Qxe4 Qd8 39. Qxe6+ Kh8 40. Qc8 1-0


[Site "https://www.chess.com"]

[Event "Titled Tuesday Blitz June 20 Late 2023"]
[White "Ganiev, Roman"]
[Black "Fernandez Siles, Luis"]
[WhiteFideId "4131452"]
[BlackFideId "2209420"]
[WhiteElo "2646"]
[BlackElo "2195"]
[Result "1-0"]
[Round "2"]
[TimeControl "180+2"]
[Date "2023.06.20"]
[WhiteClock "0:00:11"]
[BlackClock "0:00:00"]
[Board "120"]

1. e4 c5 2. Nf3 Nc6 3. g3 g6 4. Bg2 Bg7 5. O-O d6 6. Re1 Nf6 7. c3 O-O 8. h3 e5 9. Qe2 h6 10. Na3 b6 11. d3 Bb7 12. Nc4 Re8 13. Ne3 d5 14. Nh4 d4 15. Nd5 Nxd5 16. exd5 Nb8 17. c4 Nd7 18. Bd2 Kh7 19. a4 a5 20. Qf1 f5 21. f4 exf4 22. Qxf4 Ne5 23. Qf1 Qd6 24. Bf4 Rad8 25. Nf3 Bc8 26. Qe2 Nxf3+ 27. Qxf3 Be5 28. Kf2 Bxf4 29. Qxf4 Qxf4+ 30. gxf4 Kg7 31. Re5 Bd7 32. b3 Kf6 33. Rae1 g5 34. Kf3 g4+ 35. hxg4 fxg4+ 36. Kg3 Rxe5 37. fxe5+ Kg5 38. e6 Be8 39. Re5+ Kf6 40. Re1 Kg5 41. Re5+ Kf6 42. Kf4 h5 43. Be4 Bg6 44. Bxg6 Kxg6 45. e7 Re8 46. d6 1-0


[Site "https://www.chess.com"]

[Event "Titled Tuesday Blitz June 20 Late 2023"]
[White "Melikhov, Evgeny V."]
[Black "Kavyev, Ruslan"]
[WhiteFideId "4122046"]
[BlackFideId "34110981"]
[WhiteElo "2158"]
[BlackElo "2336"]
[Result "1/2-1/2"]
[Round "2"]
[TimeControl "180+2"]
[Date "2023.06.20"]
[WhiteClock "0:00:18"]
[BlackClock "0:01:39"]
[Board "121"]

1. d4 Nf6 2. c4 g6 3. Nc3 Bg7 4. e4 d6 5. f3 O-O 6. Be3 Nbd7 7. Qd2 a6 8. Bh6 e5 9. d5 Nxe4 10. Nxe4 Qh4+ 11. g3 Qxh6 12. Qxh6 Bxh6 13. h4 f5 14. Ng5 Bxg5 15. hxg5 a5 16. Bd3 Nc5 17. Bc2 e4 18. f4 b6 19. Ne2 Bd7 20. Nd4 Kg7 21. Kf2 Rh8 22. Rh6 Rab8 23. Nb5 Bxb5 24. cxb5 a4 25. Ke3 Ra8 26. Bd1 Ra5 27. Be2 Nd3 28. Bxd3 exd3 29. Rc1 Rc8 30. Rch1 Rh8 31. Rc1 Re8+ 32. Kxd3 Re7 33. Kc4 Ra8 34. Kb4 Rae8 35. Kxa4 Re4+ 36. Ka3 R8e7 37. Rch1 Kg8 38. Rc1 Re3+ 39. b3 Rxg3 40. Rc4 Rge3 41. Rh1 R3e4 42. Rhc1 Rxc4 43. Rxc4 h6 44. Kb2 hxg5 45. fxg5 Kf7 46. a4 Ke8 47. b4 Kd7 48. a5 Re5 49. a6 Kc8 50. a7 Kb7 51. Rxc7+ Ka8 52. Kc3 Rxd5 53. Kc4 Re5 54. Rd7 d5+ 55. Kd4 Re1 56. Rg7 f4 57. Rxg6 Kxa7 58. Rg7+ Ka8 59. Rf7 Rg1 60. Kxd5 Rxg5+ 61. Kc6 Rg6+ 62. Kc7 Ka7 63. Rxf4 Rg7+ 64. Kc6 Rg6+ 65. Kc7 Rg7+ 66. Kc6 Rg6+ 67. Kc7 1/2-1/2


[Site "https://www.chess.com"]

[Event "Titled Tuesday Blitz June 20 Late 2023"]
[White "Garcia Ramos, Daniel"]
[Black "Ozalp, Burak"]
[WhiteFideId "32010311"]
[BlackFideId "6314210"]
[WhiteElo "2341"]
[BlackElo "2106"]
[Result "1-0"]
[Round "2"]
[TimeControl "180+2"]
[Date "2023.06.20"]
[WhiteClock "0:02:19"]
[BlackClock "0:01:39"]
[Board "122"]

1. e4 c5 2. Nf3 e6 3. d4 cxd4 4. Nxd4 Nc6 5. Nc3 Qc7 6. Be3 a6 7. a3 Nf6 8. f4 b5 9. e5 Nd5 10. Nxd5 exd5 11. Be2 Bc5 12. Nxb5 axb5 13. Bxc5 Nxe5 14. Qxd5 Nc6 15. O-O-O Qxf4+ 16. Kb1 Kd8 17. Rhe1 Qf6 18. Bb6+ Ke8 19. Bh5+ Kf8 20. Bc5+ 1-0


[Site "https://www.chess.com"]

[Event "Titled Tuesday Blitz June 20 Late 2023"]
[White "Zomorrodian, Eilia"]
[Black "Bogaudinov, Rushan"]
[WhiteFideId "12551805"]
[BlackFideId "4129288"]
[WhiteElo "2069"]
[BlackElo "1967"]
[Result "0-1"]
[Round "2"]
[TimeControl "180+2"]
[Date "2023.06.20"]
[WhiteClock "0:00:05"]
[BlackClock "0:00:06"]
[Board "123"]

1. b4 Nf6 2. Bb2 e6 3. a4 Bxb4 4. Nf3 Be7 5. e3 b6 6. Be2 Bb7 7. a5 a6 8. axb6 cxb6 9. O-O O-O 10. c4 d5 11. cxd5 Nxd5 12. Nc3 b5 13. Ne5 Nxc3 14. Bxc3 Nd7 15. Bf3 Bxf3 16. Nxf3 Bf6 17. d4 Nb6 18. Ba5 Qd6 19. Qb3 Qd5 20. Qd3 Nc4 21. Bb4 Rfb8 22. e4 Qd7 23. e5 Nxe5 24. Nxe5 Bxe5 25. Rad1 Bd6 26. Bc3 b4 27. Bb2 a5 28. d5 Bf8 29. Rfe1 Qxd5 30. Qg3 Qh5 31. Rd4 a4 32. Rg4 g6 33. Re5 Qh6 34. Rh4 Qg7 35. Re2 f6 36. Rxe6 Re8 37. Qe3 a3 38. Bxf6 Qf7 39. Rhe4 Rxe6 40. Rxe6 a2 41. Ba1 Bg7 42. Re5 Rd8 43. g3 Bxe5 44. Bxe5 Rd1+ 45. Kg2 Qd5+ 46. Kh3 a1=Q 47. Bxa1 Rxa1 48. Qe8+ Kg7 49. Qe7+ Qf7 50. Qe5+ Qf6 51. Qc7+ Kh6 52. f4 Qf5+ 53. g4 Ra3+ 54. Kh4 g5+ 55. fxg5+ Qxg5# 0-1


[Site "https://www.chess.com"]

[Event "Titled Tuesday Blitz June 20 Late 2023"]
[White "TheKnightOfBosnia"]
[Black "Fajdetic, Hrvoje"]
[BlackFideId "14501945"]
[WhiteElo "2599"]
[BlackElo "2185"]
[Result "1-0"]
[Round "2"]
[TimeControl "180+2"]
[Date "2023.06.20"]
[WhiteClock "0:00:17"]
[BlackClock "0:00:02"]
[Board "124"]

1. e4 e6 2. d4 d5 3. Nd2 dxe4 4. Nxe4 Nd7 5. Nf3 Ngf6 6. Ng3 c5 7. Be3 Qb6 8. dxc5 Bxc5 9. Bxc5 Nxc5 10. Qd4 O-O 11. b4 Na4 12. Qxb6 axb6 13. Bc4 Nc3 14. Kd2 Nce4+ 15. Nxe4 Nxe4+ 16. Ke3 Nd6 17. Bb3 Bd7 18. Ne5 Nf5+ 19. Kf4 Ba4 20. Rhd1 g5+ 21. Ke4 Bxb3 22. cxb3 Rfd8 23. Nd7 Kg7 24. Nxb6 Rxd1 25. Rxd1 Rxa2 26. g4 Nh4 27. Rd7 Rxf2 28. Nc4 Rf4+ 29. Kd3 b5 30. Nd6 Nf3 31. Kc3 Ne5 32. Rb7 Nxg4 33. Rxb5 Kg6 34. Rb8 Ne3 35. Rg8+ Kh6 36. b5 Nd5+ 37. Kd3 Rf3+ 38. Ke4 Rxb3 39. Nxf7+ Kh5 40. Rxg5+ Kh4 41. Rg7 Rxb5 42. Rxh7+ Kg4 43. Ne5+ Kg5 44. h4+ Kf6 45. Rf7# 1-0


[Site "https://www.chess.com"]

[Event "Titled Tuesday Blitz June 20 Late 2023"]
[White "sebastianmarinp"]
[Black "Ingebretsen, Jens E"]
[BlackFideId "1522965"]
[WhiteElo "2366"]
[BlackElo "2213"]
[Result "0-1"]
[Round "2"]
[TimeControl "180+2"]
[Date "2023.06.20"]
[WhiteClock "0:00:00"]
[BlackClock "0:00:12"]
[Board "125"]

1. e4 c5 2. Nf3 Nc6 3. d4 cxd4 4. Nxd4 Nf6 5. Nc3 e5 6. Ndb5 d6 7. Bg5 a6 8. Na3 b5 9. Nd5 Be7 10. Bxf6 Bxf6 11. c3 Ne7 12. Nxf6+ gxf6 13. Nc2 Bb7 14. Bd3 d5 15. Qe2 f5 16. exf5 e4 17. f6 Ng6 18. Qe3 Qxf6 19. O-O-O O-O 20. Be2 Rac8 21. Kb1 Ne5 22. Nd4 b4 23. cxb4 Nc4 24. Bxc4 Rxc4 25. a3 Rfc8 26. Rd2 a5 27. b5 a4 28. h4 h6 29. g4 Kh7 30. g5 Qe5 31. f4 Qg7 32. f5 Qe5 33. g6+ fxg6 34. fxg6+ Kg7 35. Rf1 R8c7 36. h5 Bc8 37. Rf7+ Rxf7 38. gxf7 Kxf7 39. Nc6 Qxh5 40. Rf2+ Bf5 41. Qa7+ Kg6 42. Rg2+ Bg4 43. Rxg4+ Kf5 44. Rg2 Qh1+ 45. Ka2 Qxg2 46. Qf7+ Kg4 47. Qg6+ Kh3 48. Qxh6+ Kg3 49. Qg5+ Kh2 50. Qxd5 Qc2 51. Qe5+ Kg1 0-1


[Site "https://www.chess.com"]

[Event "Titled Tuesday Blitz June 20 Late 2023"]
[White "Wang, Isaac"]
[Black "Pinheiro, Iung Alicio de O."]
[WhiteFideId "30977185"]
[BlackFideId "2104350"]
[WhiteElo "2363"]
[BlackElo "2283"]
[Result "1/2-1/2"]
[Round "2"]
[TimeControl "180+2"]
[Date "2023.06.20"]
[WhiteClock "0:00:29"]
[BlackClock "0:00:16"]
[Board "126"]

1. d4 Nf6 2. c4 Nc6 3. Nf3 e6 4. g3 Bb4+ 5. Bd2 Qe7 6. Bg2 e5 7. dxe5 Nxe5 8. Nxe5 Bxd2+ 9. Qxd2 Qxe5 10. O-O O-O 11. Nc3 d6 12. e4 Bd7 13. b3 Rfe8 14. Rfe1 Bc6 15. f4 Qh5 16. h3 a5 17. Nd5 Bxd5 18. exd5 b6 19. Rxe8+ Rxe8 20. Re1 Rxe1+ 21. Qxe1 Kf8 22. Kf2 Qf5 23. Qe2 Nd7 24. Qg4 Qc2+ 25. Qe2 Qc3 26. Be4 Nc5 27. Bf5 g6 28. Bc2 h5 29. f5 Qd4+ 30. Kg2 Qf6 31. fxg6 fxg6 32. a3 h4 33. b4 axb4 34. axb4 Nd7 35. gxh4 Ne5 36. Qe4 Kg7 37. Bd1 Qf8 38. h5 Qf6 39. hxg6 Nxg6 40. Bg4 Ne5 41. Kg3 Qg5 42. Qf4 Qxf4+ 43. Kxf4 Nxc4 44. Kf5 Na3 45. Ke6 Nc2 46. Kd7 Nxb4 47. Kxc7 b5 48. Kxd6 Nd3 49. Be2 Nf4 50. Bxb5 Kh6 51. Ke5 Nxd5 52. Kxd5 Kh7 53. Bf1 Kh8 54. Ke5 Kg7 55. Kf5 Kh8 56. Kg5 Kg8 57. h4 Kh8 58. h5 Kg8 59. Bd3 Kh8 60. Be4 Kg8 61. Bd5+ Kh8 62. Be4 Kg8 63. Kh6 Kh8 64. Bh7 1/2-1/2


[Site "https://www.chess.com"]

[Event "Titled Tuesday Blitz June 20 Late 2023"]
[White "Mikhalsky, Vladimir"]
[Black "D`Arruda, Ricardo D."]
[WhiteFideId "14144352"]
[BlackFideId "100692"]
[WhiteElo "2236"]
[BlackElo "2539"]
[Result "1-0"]
[Round "2"]
[TimeControl "180+2"]
[Date "2023.06.20"]
[WhiteClock "0:00:05"]
[BlackClock "0:00:13"]
[Board "127"]

1. d4 Nf6 2. c4 e5 3. dxe5 Ne4 4. Nf3 Nc6 5. Nbd2 Nc5 6. b3 Qe7 7. Bb2 d6 8. a3 a5 9. e3 dxe5 10. Qc2 Bg4 11. Be2 e4 12. Nd4 Nxd4 13. Bxd4 Bxe2 14. Bxc5 Bd3 15. Qxd3 exd3 16. Bxe7 Bxe7 17. O-O O-O-O 18. Rfd1 Rd7 19. b4 a4 20. Ne4 Rhd8 21. Ra2 Bf6 22. Nc5 Rd6 23. Nxa4 b6 24. Kf1 Kb7 25. c5 Re6 26. cxb6 cxb6 27. Nb2 d2 28. Nc4 Bc3 29. Ke2 Rc6 30. Nxd2 Rcd6 31. Rc2 Rd3 32. f3 b5 33. g4 Kb6 34. h4 R8d7 35. h5 R7d6 36. e4 f6 37. Ra2 h6 38. Rc2 R6d4 39. Ra2 Kc6 40. Rc2 Kd6 41. Ra2 Ke5 42. Rc2 Kf4 43. Ra2 Re3+ 44. Kf2 Bxd2 45. Raxd2 Rxf3+ 46. Kg2 Rxd2+ 47. Rxd2 Rxa3 48. Rd5 Rg3+ 49. Kh2 Rxg4 50. Rxb5 Kxe4 51. Kh3 Rg1 52. Rb7 f5 53. b5 f4 54. b6 Rb1 55. Rxg7 Rxb6 56. Rg6 Rb3+ 57. Kg2 Rb2+ 58. Kg1 Kf3 59. Rxh6 Rb1+ 60. Kh2 Kf2 61. Rf6 f3 62. h6 Rb5 63. Kh3 Rh5+ 64. Kg4 Rh1 65. Rxf3+ Kg2 66. Rg3+ Kf2 67. Rh3 Rg1+ 68. Kf4 Rg8 69. h7 Rh8 70. Kg5 Kg2 71. Rh6 Kg3 72. Kg6 Kg4 73. Kg7 Kg5 74. Rh2 1-0


[Site "https://www.chess.com"]

[Event "Titled Tuesday Blitz June 20 Late 2023"]
[White "O`Gorman, Tom"]
[Black "Bueno, Alfeu Junior Varela"]
[WhiteFideId "2508249"]
[BlackFideId "2108879"]
[WhiteElo "2299"]
[BlackElo "2175"]
[Result "1-0"]
[Round "2"]
[TimeControl "180+2"]
[Date "2023.06.20"]
[WhiteClock "0:00:28"]
[BlackClock "0:00:06"]
[Board "128"]

1. e4 e6 2. d4 d5 3. Nd2 Nf6 4. e5 Nfd7 5. Ngf3 c5 6. c3 Nc6 7. Bd3 Qb6 8. O-O cxd4 9. cxd4 Nxd4 10. Nxd4 Qxd4 11. Nf3 Qb6 12. Qa4 Qb4 13. Qc2 Qc5 14. Qe2 Qb6 15. Rb1 h6 16. b4 Be7 17. Be3 Qd8 18. Rfc1 O-O 19. Bc2 Re8 20. Qd3 Nf8 21. Nd4 a6 22. a4 Bd7 23. b5 axb5 24. axb5 Ra3 25. Rb3 Qa5 26. Rxa3 Qxa3 27. Qxa3 Bxa3 28. Ra1 Bb2 29. Ra7 Bxd4 30. Bxd4 Bxb5 31. Rxb7 Rc8 32. Rxb5 Rxc2 33. g3 Rc4 34. Bc5 Nd7 35. Bd6 f6 36. exf6 Nxf6 37. Rb7 Re4 38. Kf1 Kh7 39. Bf8 Nh5 40. f3 Rc4 41. g4 Nf4 42. Bxg7 Kg6 43. Bb2 h5 44. Rg7+ Kh6 45. g5# 1-0


[Site "https://www.chess.com"]

[Event "Titled Tuesday Blitz June 20 Late 2023"]
[White "Stachanczyk, Jacek"]
[Black "Han, Yichen"]
[WhiteFideId "1116657"]
[BlackFideId "1054430"]
[WhiteElo "2084"]
[BlackElo "2342"]
[Result "1-0"]
[Round "2"]
[TimeControl "180+2"]
[Date "2023.06.20"]
[WhiteClock "0:02:10"]
[BlackClock "0:02:35"]
[Board "129"]

1. e4 c5 2. Nf3 e6 3. d4 cxd4 4. Nxd4 a6 5. Nc3 Qc7 6. Qd3 Nf6 7. Bd2 b5 8. Qg3 Qxg3 9. hxg3 Bb7 10. f3 d5 11. exd5 Nxd5 12. Nxd5 Bxd5 13. a4 Bc5 14. Nb3 Bxb3 15. cxb3 b4 16. Bd3 h6 17. Rc1 Nd7 18. g4 Ke7 19. Ke2 a5 20. Bb5 Rac8 21. g5 hxg5 22. Rxh8 Nf6 23. Rxc8 1-0


[Site "https://www.chess.com"]

[Event "Titled Tuesday Blitz June 20 Late 2023"]
[White "Dushyant Sharma"]
[Black "Lalanne, Pablo"]
[WhiteFideId "25065130"]
[BlackFideId "112151"]
[WhiteElo "2198"]
[BlackElo "2120"]
[Result "1-0"]
[Round "2"]
[TimeControl "180+2"]
[Date "2023.06.20"]
[WhiteClock "0:00:57"]
[BlackClock "0:00:12"]
[Board "130"]

1. e4 c5 2. Nf3 d6 3. d4 cxd4 4. Nxd4 Nf6 5. Nc3 Nc6 6. f4 e6 7. Nf3 a6 8. Bd3 Be7 9. O-O b5 10. a3 O-O 11. Kh1 Bb7 12. Qe1 b4 13. axb4 Nxb4 14. Bd2 Nxd3 15. cxd3 d5 16. e5 Nd7 17. d4 a5 18. Qg3 Ba6 19. Rf2 Bd3 20. Qh3 Nb6 21. Rg1 Nc4 22. Bc1 a4 23. g4 Be4 24. f5 Bxf3+ 25. Rxf3 Bg5 26. f6 Bxc1 27. Rxc1 Qb6 28. Qh4 h6 29. fxg7 Kxg7 30. Qf6+ 1-0


[Site "https://www.chess.com"]

[Event "Titled Tuesday Blitz June 20 Late 2023"]
[White "julioramirezosio"]
[Black "Fedotov, Nikita"]
[BlackFideId "24161446"]
[WhiteElo "2355"]
[BlackElo "2211"]
[Result "1/2-1/2"]
[Round "2"]
[TimeControl "180+2"]
[Date "2023.06.20"]
[WhiteClock "0:00:56"]
[BlackClock "0:02:07"]
[Board "131"]

1. d4 Nf6 2. c4 c5 3. d5 b5 4. cxb5 a6 5. b6 d6 6. Nc3 g6 7. e4 Bg7 8. Be2 O-O 9. Nf3 Bg4 10. Nd2 Bxe2 11. Qxe2 Nbd7 12. a4 a5 13. O-O Nxb6 14. Ra3 Ne8 15. Nb5 Nc7 16. Nc4 Nxc4 17. Qxc4 Na6 18. f4 Rb8 19. f5 Qd7 20. Raf3 Nc7 21. fxg6 hxg6 22. Nxc7 Qxc7 23. Qc2 Rb4 24. e5 Bxe5 25. Rxf7 Rxf7 26. Qxg6+ Rg7 27. Qe8+ Kh7 28. Qh5+ Kg8 29. Qe8+ Kh7 30. Qh5+ Kg8 31. Qe8+ 1/2-1/2


[Site "https://www.chess.com"]

[Event "Titled Tuesday Blitz June 20 Late 2023"]
[White "Schuster, Karsten"]
[Black "Badelka, Olga"]
[WhiteFideId "4611071"]
[BlackFideId "13509926"]
[WhiteElo "2254"]
[BlackElo "2375"]
[Result "0-1"]
[Round "2"]
[TimeControl "180+2"]
[Date "2023.06.20"]
[WhiteClock "0:00:53"]
[BlackClock "0:00:41"]
[Board "132"]

1. Nf3 d5 2. d4 Nf6 3. b3 c6 4. Bb2 g6 5. e3 Bg7 6. Bd3 a5 7. a3 Bg4 8. h3 Bf5 9. Bxf5 gxf5 10. c4 e6 11. cxd5 Nxd5 12. Nc3 O-O 13. Rc1 Qd6 14. Nxd5 Qxd5 15. Rc5 Qd6 16. g4 Nd7 17. Rc2 f4 18. Rg1 fxe3 19. fxe3 a4 20. b4 Qd5 21. Rf2 Nb6 22. Qd3 Qb3 23. Qxb3 axb3 24. Nd2 Na4 25. Nxb3 Nxb2 26. Rxb2 Rxa3 27. Nc5 Rxe3+ 28. Kf2 Bxd4 29. Rd2 Rd3+ 0-1


[Site "https://www.chess.com"]

[Event "Titled Tuesday Blitz June 20 Late 2023"]
[White "Rian, Kapriaga"]
[Black "Keleberda, Tymur"]
[WhiteFideId "7103263"]
[BlackFideId "14174294"]
[WhiteElo "2349"]
[BlackElo "2198"]
[Result "0-1"]
[Round "2"]
[TimeControl "180+2"]
[Date "2023.06.20"]
[WhiteClock "0:00:00"]
[BlackClock "0:00:09"]
[Board "133"]

1. e3 c5 2. d4 Nf6 3. c3 e6 4. Nf3 b6 5. Nbd2 Bb7 6. Bd3 Be7 7. a4 Nc6 8. O-O O-O 9. Re1 d5 10. Ne5 Bd6 11. f4 Ne7 12. Qf3 a6 13. Qh3 Ne4 14. Nxe4 dxe4 15. Bf1 Bd5 16. Nc4 Bc7 17. Nd2 Bb7 18. b3 Qd7 19. Ba3 Rfc8 20. Rec1 Bc6 21. Ra2 Bd6 22. Nc4 Rab8 23. Nxd6 Qxd6 24. Rd2 Qc7 25. Bxa6 Bb7 26. Bf1 cxd4 27. cxd4 Qd7 28. Rdc2 Rxc2 29. Rxc2 Rc8 30. Bc4 Nd5 31. Qg3 h6 32. Qf2 Qd8 33. h3 h5 34. Kh2 g6 35. Kg1 Kg7 36. Kh2 Kg8 37. b4 Rc7 38. Bxd5 Bxd5 39. a5 Rxc2 40. Qxc2 bxa5 41. bxa5 Qxa5 42. Qc8+ Kh7 43. Be7 Qa8 44. Qc7 Qh8 45. Bg5 Qg7 46. Be7 f6 47. Qd8 Qg8 48. Qd7 Qf7 49. Qd8 Qg8 50. Qd6 Qf7 51. g4 g5 52. f5 hxg4 0-1


[Site "https://www.chess.com"]

[Event "Titled Tuesday Blitz June 20 Late 2023"]
[White "Martin Carmona, Gaston Manuel"]
[Black "Della Corte, Alessandro"]
[WhiteFideId "22284567"]
[BlackFideId "813540"]
[WhiteElo "2245"]
[BlackElo "2205"]
[Result "0-1"]
[Round "2"]
[TimeControl "180+2"]
[Date "2023.06.20"]
[WhiteClock "0:00:02"]
[BlackClock "0:01:10"]
[Board "134"]

1. Nf3 d5 2. c4 e6 3. d4 Nf6 4. g3 Be7 5. Bg2 O-O 6. O-O Nbd7 7. Qc2 c6 8. Nbd2 b6 9. e4 Bb7 10. e5 Ne8 11. cxd5 cxd5 12. Re1 Rc8 13. Qd1 Ba6 14. Nb1 Nb8 15. Nc3 Nc6 16. Qa4 Na5 17. Bd2 Nc7 18. h4 Nc4 19. Bc1 Qe8 20. Qd1 Nb5 21. Bg5 Nxc3 22. bxc3 h6 23. Bxe7 Qxe7 24. Bf1 Nb2 25. Qb3 Bxf1 26. Rxf1 Nc4 27. a4 a5 28. Kg2 Rc6 29. Rfb1 Rfc8 30. Qd1 Na3 31. Rb3 Rxc3 32. Raxa3 Qxa3 33. Rxa3 Rxa3 34. Ne1 Rc4 35. Nc2 Raxa4 36. g4 b5 37. g5 hxg5 38. hxg5 g6 39. Ne3 Rxd4 40. Qc2 Rdc4 41. Nxc4 dxc4 42. Kf3 Rb4 43. Ke4 c3+ 44. Kd3 Rc4 45. f3 a4 46. Ke2 b4 47. Kd1 b3 48. Qd3 c2+ 49. Kc1 b2+ 0-1


[Site "https://www.chess.com"]

[Event "Titled Tuesday Blitz June 20 Late 2023"]
[White "Skaric, Djuro"]
[Black "Ismagilov, Damir"]
[WhiteFideId "934569"]
[BlackFideId "34199982"]
[WhiteElo "2282"]
[BlackElo "2104"]
[Result "0-1"]
[Round "2"]
[TimeControl "180+2"]
[Date "2023.06.20"]
[WhiteClock "0:01:36"]
[BlackClock "0:00:59"]
[Board "135"]

1. g3 Nf6 2. Bg2 c5 3. d3 e6 4. Nc3 d5 5. Nf3 Nc6 6. O-O Be7 7. h3 O-O 8. e4 a6 9. g4 b5 10. Nd2 b4 11. Ne2 Bb7 12. f4 dxe4 13. Nxe4 Qc7 14. Be3 Nxe4 15. dxe4 Rfd8 16. Qc1 Nd4 17. Ng3 Bh4 18. Bxd4 Bxg3 19. Be3 f5 20. exf5 exf5 21. Bf3 Re8 22. Kg2 Bh4 23. g5 Bxf3+ 24. Rxf3 Re4 25. Bf2 Re2 26. Qf1 Rae8 27. Kg1 Bxf2+ 28. Rxf2 Qe7 29. Rd1 Qe3 30. Qxe2 Qxe2 31. Rxe2 Rxe2 32. Rd5 Rxc2 33. Rxf5 Rxb2 34. Rxc5 Rxa2 35. f5 b3 36. Rc8+ Kf7 37. Rc7+ Kf8 38. g6 hxg6 39. fxg6 b2 0-1


[Site "https://www.chess.com"]

[Event "Titled Tuesday Blitz June 20 Late 2023"]
[White "Srdanovic, Jovana"]
[Black "Tobares, Leandro"]
[WhiteFideId "954810"]
[BlackFideId "106402"]
[WhiteElo "2155"]
[BlackElo "2292"]
[Result "0-1"]
[Round "2"]
[TimeControl "180+2"]
[Date "2023.06.20"]
[WhiteClock "0:00:05"]
[BlackClock "0:00:10"]
[Board "136"]

1. d4 d5 2. c4 e6 3. Nc3 h6 4. Nf3 Nf6 5. g3 dxc4 6. Bg2 Bb4 7. Qa4+ Nc6 8. Ne5 Bxc3+ 9. bxc3 Bd7 10. Nxd7 Qxd7 11. Ba3 Nd5 12. Qxc4 Nb6 13. Qd3 O-O-O 14. O-O h5 15. Bc5 h4 16. a4 hxg3 17. fxg3 Na5 18. Rfb1 e5 19. Rb5 Nc6 20. a5 Nd5 21. Rab1 exd4 22. cxd4 b6 23. axb6 axb6 24. Qa3 Kb7 25. Rxb6+ cxb6 26. Bxd5 Qxd5 27. Rxb6+ Kc7 28. Qa6 Rb8 29. Qa5 Nxa5 0-1


[Site "https://www.chess.com"]